 Dungeon Crawl Stone Soup version 0.29.1-15-g9cfb28693d (webtiles) character file.

Game seed: 3797769796866405643

705 Lolow the Chopper (level 7, -1/55 HPs)
             Began as a Human Cinder Acolyte on May 17, 2023.
             Was a Follower of Zin.
             Slain by a fire elemental (10 damage)
             ... created by the fiery vengeance of Ignis
             ... on level 4 of the Dungeon.
             The game lasted 00:31:45 (4976 turns).

Lolow the Chopper (Human Cinder Acolyte)            Turns: 4976, Time: 00:31:45

Health: -1/55      AC: 10    Str: 16    XL:     7   Next: 99%
Magic:  0/8        EV: 15    Int: 14    God:    Zin [*.....]
Gold:   60         SH:  0    Dex:  9    Spells: 5/8 levels left

rFire   . . .      SeeInvis .   a - +1 hand axe (flame)
rCold   . . .      Faith    .   l - orb {*channel}
rNeg    + . .      Spirit   +   u - +5 ring mail of the Wilderness {rPois rN+}
rPois   +          Reflect  .   (no helmet)
rElec   .          Harm     .   (no cloak)
rCorr   .          Rampage  .   (no gloves)
Will    .....                   (no boots)
Stlth   +.........              j - amulet of guardian spirit
HPRegen 0.18/turn               k - +4 ring of evasion
MPRegen 0.11/turn               (no ring)

@: fire susceptible
A: no striking features
a: Renounce Religion, Recite, Donate Gold


You were on level 4 of the Dungeon.
You worshipped Zin.
Zin was aware of your devotion.
You visited 2 branches of the dungeon, and saw 5 of its levels.

You collected 257 gold pieces.
You donated 197 gold pieces to Zin.

Inventory:

Hand Weapons
 a - a +1 hand axe of flaming (weapon)
 b - a +0 sling
 r - a +0 longbow
 y - a +4 hammer
 B - a +2 quarterstaff of chaos
Armour
 d - a +0 leather armour
 e - a +0 robe
 l - an orb of energy (worn)
 u - the +5 ring mail of the Wilderness (worn) {rPois rN+}
   (You found it on level 2 of the Dungeon)

   rPois:     It protects you from poison.
   rN:        It protects you from negative energy.
 C - a +0 cloak
Jewellery
 j - an amulet of guardian spirit (around neck)
 k - a +4 ring of evasion (left hand)
Wands
 f - a wand of flame (19)
 v - a wand of charming (7)
 A - a wand of digging (4)
Scrolls
 m - 3 scrolls of magic mapping {unknown}
 n - a scroll of summoning {unknown}
 o - 2 scrolls of teleportation {unknown}
 q - a scroll of amnesia {unknown}
 t - a scroll of vulnerability
 w - 4 scrolls of identify
 x - 2 scrolls of enchant armour {unknown}
Potions
 c - a potion of heal wounds {unknown}
 g - 3 potions of curing
 h - 2 potions of attraction
 i - 2 potions of might {unknown}
 p - 2 potions of brilliance
 s - a potion of haste {unknown}
 z - a potion of degeneration {unknown}


   Skills:
 + Level 4.7 Fighting
 + Level 5.1 Axes
 + Level 2.4 Ranged Weapons
 + Level 3.1 Armour
 + Level 2.9 Dodging
 + Level 0.7 Stealth
 + Level 1.2 Spellcasting
 + Level 0.1 Conjurations
 + Level 3.3 Fire Magic


You had 5 spell levels left.
You knew the following spells:

 Your Spells              Type           Power      Damage    Failure   Level
a - Scorch                Fire           20%        2d6       19%         2
b - Foxfire               Conj/Fire      20%        2x1d5     22%         1

Your spell library contained the following spells:

 Spells                   Type           Power      Damage    Failure   Level
 Beastly Appendage        Tmut           0%         N/A       43%         1
 Conjure Flame            Conj/Fire      5%         6-21      56%         3
 Inner Flame              Hex/Fire       5%         N/A       56%         3
 Wereblood                Tmut           0%         N/A       58%         2
 Spider Form              Tmut/Pois      0%         N/A       82%         3
 Flame Wave               Conj/Fire      5%         2d5       92%         4
 Hailstorm                Conj/Ice       1%         3d3       99%         4
 Ice Form                 Ice/Tmut       0%         N/A       99%         4
 Simulacrum               Ice/Necr       0%         N/A       100%        6


Dungeon Overview and Level Annotations

Branches:
Dungeon (4/15)             Temple (1/1) D:4

Altars:
Ashenzari
Cheibriados
Elyvilon
Gozag
Hepliaklqana
Kikubaaqudgha
Nemelex Xobeh
Okawaru
Ru
Uskayaw
Vehumet
Zin
The Shining One


Message History

The scorpion is severely wounded.
The scorpion stings you.
You hit the scorpion. You burn the scorpion.
The scorpion is almost dead.
The scorpion misses you.
You hit the scorpion. You burn the scorpion.
The scorpion is almost dead.
The scorpion misses you.
The scorpion stings you but does no damage.
You hit the scorpion. You burn the scorpion.
You kill the scorpion!
You start resting.
HP restored.
There is a stone staircase leading down here.
There is a stone staircase leading down here.
Things that are here:
a +0 chain mail; a +0 mace Done exploring.
Done exploring. "My hands, my teeth, my burning tears: these will never betray me!" 2 fire elementals come into view.
The fire elemental closely misses you. The fire elemental hits you.
The fire elemental burns you!
Really walk into that dispersal trap?
You enter a dispersal trap!
The fire elemental blinks! x3; You blink.
The fire elemental enters a dispersal trap!
The fire elemental blinks!
You blink.
The fire elemental hits you. The fire elemental burns you!
The fire elemental barely misses you. The fire elemental hits you.
The fire elemental burns you! The fire elemental misses you.
The fire elemental hits you. The fire elemental burns you!
The fire elemental barely misses you. The fire elemental closely misses you.
The fire elemental hits you. The fire elemental burns you!
The fire elemental misses you. The fire elemental hits you.
The fire elemental burns you!
* * * LOW HITPOINT WARNING * * *
The fire elemental hits you. The fire elemental burns you!
You die...

## #.## #..# ##.##### [## #.#
#..# ##.....# ..## ##.# #..#
###....### #).## #..# #.##
##....#..## ##.[## #..#
#.####..#..##..## ###..###.####
#>....####.###..#
.......)....#####....####..###...
...[....°#.....#......##).....###
....#..).####...@###..E☼##.##.#
..........# ###EE.####..##.##.#
..........## ##☼☼.####..##.##.#
..........○###○°........#..##(##
..........○○#°°....#....°..#...#
.........#......########°......##
........##......# ##......##
........#...###.## #○...[....
##......#..## #..# ##○........


You could see 2 fire elementals.

Vanquished Creatures
  Eustachio (D:4)
  A black bear (D:4)
  An ogre (D:4)
  A scorpion (D:4)
  Crazy Yiuf (D:4)
  A jelly (D:4)
  Ijyb (D:4)
  Natasha (thrice) (D:3)
  6 adders
  5 worms
  A dart slug (D:4)
  14 orcs
  5 bats
  7 endoplasms
  4 giant cockroaches
  6 goblins
  4 hobgoblins
  4 jackals (D:4)
  6 kobolds
  3 quokkas
  10 ball pythons
  4 frilled lizards
  2 rats
91 creatures vanquished.

Vanquished Creatures (collateral kills)
  A foxfire (D:3)
1 creature vanquished.

Vanquished Creatures (others)
  45 foxfires
  19 fungi (D:3)
  A plant (D:1)
65 creatures vanquished.

Grand Total: 157 creatures vanquished

Notes
Turn   | Place    | Note
-------+----------+-------------------------------------------
     0 | D:1      | Lolow the Human Cinder Acolyte began the quest for the Orb.
     0 | D:1      | Reached XP level 1. HP: 18/18 MP: 2/2
   634 | D:1      | Reached XP level 2. HP: 14/24 MP: 3/3
   819 | D:1      | Found a faded altar of an unknown god.
  1338 | D:2      | Reached XP level 3. HP: 28/29 MP: 4/4
  1359 | D:2      | Reached skill level 1 in Armour
  1485 | D:2      | Identified the +5 ring mail of the Wilderness {rPois rN+}
  1534 | D:2      | Reached XP level 4. HP: 36/36 MP: 5/5
  1602 | D:2      | Reached skill level 1 in Ranged Weapons
  2185 | D:3      | Noticed Natasha
  2196 | D:3      | Killed Natasha
  2197 | D:3      | Reached XP level 5. HP: 42/42 MP: 6/6
  2314 | D:3      | Noticed Natasha
  2324 | D:3      | Killed Natasha
  2325 | D:3      | Reached skill level 1 in Dodging
  2483 | D:3      | Found an iron altar of Okawaru.
  2485 | D:3      | Noticed Natasha
  2489 | D:3      | Killed Natasha
  2573 | D:3      | Found a radiant altar of Vehumet.
  2876 | D:3      | Reached XP level 6. HP: 48/48 MP: 7/7
  3062 | D:4      | Noticed Eustachio
  3224 | D:4      | Killed Eustachio
  3225 | D:4      | Reached skill level 4 in Axes
  3293 | D:4      | Learned a level 2 spell: Scorch
  3296 | D:4      | Learned a level 1 spell: Foxfire
  3375 | D:4      | Noticed an ogre
  3380 | D:4      | Killed an ogre
  3381 | D:4      | Reached XP level 7. HP: 28/54 MP: 3/8
  3623 | D:4      | Noticed Ijyb
  3657 | D:4      | Killed Ijyb
  3850 | D:4      | Found a staircase to the Ecumenical Temple.
  3855 | D:4      | Fell from the grace of Ignis
  3858 | Temple   | Entered the Ecumenical Temple
  3868 | Temple   | Became a worshipper of Zin the Law-Giver
  3868 | Temple   | Reached * piety under Zin
  3869 | Temple   | Donated 111 gold pieces to Zin
  4127 | D:4      | Found a white marble altar of Elyvilon.
  4135 | D:4      | Found a broken altar of Ashenzari.
  4171 | D:4      | Identified the +1 hammer of Lepsouch {vorpal, rF+ Str+4}
  4231 | D:4      | Found a runed translucent door.
  4232 | D:4      | Noticed Crazy Yiuf
  4240 | D:4      | Killed Crazy Yiuf
  4594 | D:4      | Found a sacrificial altar of Ru.
  4604 | D:4      | Reached skill level 5 in Axes
  4605 | D:4      | Donated 61 gold pieces to Zin
  4942 | D:4      | Noticed a fire elemental
  4942 | D:4      | Noticed a fire elemental
  4976 | D:4      | Slain by a fire elemental

Illustrated notes

Levels and vault maps discovered:
D:1:      tarquinn_simple_flora_water_f, layout_basic,
          shapermc_ecumenical_altar_mp_ritualfount, nrook_loot_triangle,
          nicolae_kite_square_tiling_tiny, minmay_door_square
D:2:      layout_loops_ring, minmay_cupped
D:3:      layout_loops_ring, mainiacjoe_overflow_chevrons,
          vehumet_altar_wand_db, st_stairs_9, chequers_serial_rivers_marsh,
          uniq_natasha
D:4:      layout_layer_cave, nicolae_ru_great_annihilating_truth,
          gammafunk_temple_overflow_statue, minmay_temple_entry_nine_rooms,
          kennysheep_potato, uniq_ijyb, uniq_eustachio, uniq_crazy_yiuf_cottage
Temple:   hellmonk_temple_flake

Skill      XL: |  1  2  3  4  5  6  7 |
---------------+----------------------+-----
Armour         | 1 2 3 |  3.1
Ranged Weapons | 1 2 |  2.4
Dodging        | 1 2 |  2.9
Fighting       | 4 |  4.7
Axes           | 4 5 |  5.1
Stealth        | |  0.7
Spellcasting   | |  1.2
Conjurations   | |  0.1
Fire Magic     | |  3.3

Action                   |  1- 3 |  4- 6 |  7- 9 || total
-------------------------+-------+-------+-------++-------
Melee: Hand axe          |    37 |   146 |    92 ||   275
 Fire: Sling             |    26 |    13 |    10 ||    49
 Cast: Scorch            |       |     2 |     1 ||     3
       Foxfire           |       |       |     4 ||     4
Invok: Fiery Armour      |     3 |     3 |       ||     6
       Foxfire Swarm     |     2 |     3 |       ||     5
       Rising Flame      |       |     1 |       ||     1
       Donate Gold       |       |       |     2 ||     2
       Renounce Religion |       |       |     1 ||     1
  Use: Scroll            |     3 |     5 |       ||     8
       Potion            |       |     1 |     1 ||     2
 Stab: Invisible         |       |       |     1 ||     1
       Paralysed         |       |       |     1 ||     1
Armor: Leather armour    |    14 |       |       ||    14
       Robe              |     1 |       |       ||     1
       Ring mail         |       |    76 |    43 ||   119
Dodge: Dodged            |    30 |   205 |    85 ||   320
